 Dungeon Crawl Stone Soup version 0.27.1 (webtiles) character file.

Game seed: 1358996538831782404

48 Sabo the Skirmisher (level 3, -1/29 HPs)
             Began as a Demonspawn Fighter on Aug 29, 2021.
             Was a Follower of Jiyva.
             Succumbed to a scorpion's poison
             ... on level 3 of the Dungeon on Aug 30, 2021.
             The game lasted 00:14:19 (2546 turns).

Sabo the Skirmisher (Demonspawn Fighter)            Turns: 2546, Time: 00:14:20

Health: -1/29      AC:  6    Str: 19    XL:     3   Next: 50%
Magic:  2/3        EV:  7    Int:  9    God:    Jiyva [*.....]
Gold:   49         SH:  9    Dex: 10    Spells: 2/2 levels left

rFire    . . .     SeeInvis .   a - +0 war axe
rCold    . . .     Faith    .   c - +0 kite shield
rNeg     . . .     Spirit   +   b - +0 scale mail
rPois    .         Reflect  .   (no helmet)
rElec    .         Harm     .   (no cloak)
rCorr    .         Rampage  .   (no gloves)
Will     .....                  (no boots)
Stlth    ..........             i - amulet of guardian spirit
HPRegen  0.09/turn              (no ring)
MPRegen  0.16/turn              (no ring)

@: mighty, lethally poisoned (-1 -> -11)
A: magic regeneration
a: Renounce Religion, Request Jelly


You were on level 3 of the Dungeon.
You worshipped Jiyva.
Jiyva was aware of your devotion.
You visited 1 branch of the dungeon, and saw 3 of its levels.

You collected 75 gold pieces.
You spent 26 gold pieces at shops.

Inventory:

Hand Weapons
 a - a +0 war axe (weapon)
Missiles
 e - 15 arrows
 g - 14 sling bullets
 h - 12 poisoned darts (quivered)
Armour
 b - a +0 scale mail (worn)
 c - a +0 kite shield (worn)
Jewellery
 i - an amulet of guardian spirit (around neck)
Scrolls
 j - a scroll of teleportation
 k - a scroll of blinking {unknown}
Potions
 f - a potion of haste {unknown}


   Skills:
 + Level 3.4 Fighting
 + Level 2.4 Axes
 + Level 2.9 Armour
 + Level 3.1 Shields


You had 2 spell levels left.
You didn't know any spells.
Your spell library contained the following spells:

 Spells                   Type           Power      Damage    Failure   Level
 Ozocubu's Armour         Ice            0%         N/A       100%        3
 Metabolic Englaciation   Hex/Ice        0%         N/A       100%        5
 Simulacrum               Ice/Necr       0%         N/A       100%        6


Dungeon Overview and Level Annotations

Branches:
Dungeon (3/15)

Altars:
Jiyva

Shops:
D:1 (   D:2 [?(


Innate Abilities, Weirdness & Mutations

You regenerate magic rapidly.


Message History

There is an escape hatch in the floor here.
You slide downwards.
The hatch slams shut behind you.
Your shield prevents you from hitting the scorpion.
The scorpion stings you! The scorpion stings you.
You are poisoned.
The scorpion poisons you!
You slash the scorpion!
The scorpion is heavily wounded.
You feel very sick.
The scorpion stings you but does no damage.
You closely miss the scorpion.
The scorpion is heavily wounded.
You feel very sick. The scorpion closely misses you.
You block the scorpion's attack.
The scorpion stings you but does no damage.
You hit the scorpion.
The scorpion is severely wounded.
You feel sick. The scorpion stings you. You block the scorpion's attack.
Your shield prevents you from hitting the scorpion.
The scorpion is severely wounded.
You feel sick. You block the scorpion's attack. The scorpion barely misses you.
You closely miss the scorpion.
The scorpion is severely wounded.
You feel sick. The scorpion closely misses you.
You block the scorpion's attack.
You barely miss the scorpion.
The scorpion is severely wounded.
You feel sick.
You are no longer poisoned.
The scorpion stings you.
* * * LOW HITPOINT WARNING * * *
You block the scorpion's attack.
You feel very mighty all of a sudden. The scorpion stings you.
* * * LOW HITPOINT WARNING * * *
You are lethally poisoned!
The scorpion poisons you!
You hit the scorpion.
You kill the scorpion!
You die...

#######.#
#.......#
#@#####.#
#†#
#.#####
#.....#
#####s#
#.#
........#
........#
........#


There were no monsters in sight!

Vanquished Creatures
  A scorpion (D:3)
  An adder (D:2)
  A worm (D:2)
  A dart slug (D:1)
  2 endoplasms
  A giant cockroach (D:1)
  5 hobgoblins
  4 jackals (D:1)
  4 kobolds
  2 quokkas (D:1)
  2 ball pythons
  2 bats (D:1)
  2 frilled lizards
  5 rats (D:1)
33 creatures vanquished.

Vanquished Creatures (others)
  An adder (D:2)
  A worm (D:2)
  An endoplasm (D:2)
  A goblin (D:2)
  A hobgoblin (D:2)
  4 jackals (D:2)
  A quokka (D:2)
  2 ball pythons (D:2)
  3 bats (D:2)
  2 frilled lizards (D:2)
  A kobold (D:2)
  2 plants (D:2)
20 creatures vanquished.

Grand Total: 53 creatures vanquished

Notes
Turn   | Place    | Note
-------+----------+-------------------------------------------
     0 | D:1      | Sabo the Demonspawn Fighter began the quest for the Orb.
     0 | D:1      | Reached XP level 1. HP: 18/18 MP: 1/1
   387 | D:1      | Gained mutation: You regenerate magic rapidly. [demonic
                  | ancestry]
   387 | D:1      | Reached XP level 2. HP: 24/24 MP: 2/2
   574 | D:1      | Found Tianuxic's Antique Weapon Emporium.
  1103 | D:2      | Found Rericvomiynk's Antique Armour Boutique.
  1106 | D:2      | Reached XP level 3. HP: 29/29 MP: 3/3
  1194 | D:2      | Found a faded altar of an unknown god.
  1212 | D:2      | Became a worshipper of Jiyva Jeifyos the Shapeless
  1212 | D:2      | Reached * piety under Jiyva
  2298 | D:2      | Found Tamif's Magic Scroll Boutique.
  2312 | D:2      | Bought a scroll of identify for 26 gold pieces
  2342 | D:2      | Found Kuus's Antique Weapon Boutique.
  2526 | D:3      | Noticed a scorpion
  2546 | D:3      | Killed a scorpion
  2546 | D:3      | Succumbed to a scorpion's poison

Illustrated notes

Levels and vault maps discovered:
D:1:      dpeg_arrival_refuge, layout_rooms, serial_shops, shop,
          roderic_lattice_a
D:2:      minmay_wonky_spiral, layout_basic,
          shapermc_ecumenical_altar_mp_highgroup, serial_shops, shop,
          nicolae_shop_overgrown_old_shop, nicolae_shop_crystal,
          grunt_ministairs_7, minmay_split_cup_small
D:3:      layout_basic

Skill      XL: |  1 |
---------------+----+-----
Axes           | 2 |  2.4
Shields        | 3 |  3.1
Fighting       | |  3.4
Armour         | |  2.9

Action                   || total
-------------------------++-------
Melee: War axe           ||    99
  Use: Scroll            ||     1
       Potion            ||     1
Armor: Scale mail        ||    55
Dodge: Dodged            ||    32
Block: Kite shield       ||    49
